[Event "Team 45 45 League T25"]
[Site "Internet Chess Club"]
[Date "2005.02.05"]
[Round "8"]
[White "fledermaus"]
[Black "Unbeliever"]
[Result "1-0"]
[WhiteElo "2004"]
[BlackElo "1991"]
[TimeControl "2700+45"]

1. d4 d6 2. Nf3 f5 3. g3 g6 4. Bg2 Bg7 5. O-O Nf6 6. d5 O-O 7. c4 Na6 8. Nc3 Nc5
9. Qc2 e5 10. dxe6 Nxe6 11. b3 a5 12. Bb2 f4 13. Nb5 c6 14. Nbd4 Nxd4 15. Bxd4
fxg3 16. hxg3 Bf5 17. Qb2 Qe7 18. Rfe1 Rae8 19. Rad1 Be4 20. Qa3 d5 21. Qxe7
Rxe7 22. Bc5 Ree8 23. Ng5 Bxg2 24. Kxg2 h6 25. Bxf8 Bxf8 26. Nf3 Bb4 27. Nd2
dxc4 28. bxc4 Ne4 29. Nxe4 Rxe4 30. Kf3 Rxc4 31. Rc1 Rxc1 32. Rxc1 c5 33. Ke4
Kf7 34. Kd5 Ke7 35. Rh1 h5 36. g4 hxg4 37. Rg1 b5 38. Rxg4 c4 39. Kc6 c3 40.
Kxb5 Kf6 41. Rc4 Ke5 42. Ka4 Kd5 43. Kb3 Bc5 44. e4+ {Black resigns} 1-0

[Event "Team 45 45 League T25"]
[Site "Internet Chess Club"]
[Date "2005.02.07"]
[Round "8"]
[White "Zornorph"]
[Black "Bydlo"]
[Result "0-1"]
[WhiteElo "1951"]
[BlackElo "1924"]
[TimeControl "2700+45"]

1. c4 f5 2. d4 Nf6 3. Nc3 g6 4. g3 Bg7 5. Bg2 O-O 6. e3 d6 7. Nge2 e5 8. O-O c6
9. b4 e4 10. Nf4 g5 11. Nfe2 Be6 12. c5 a5 13. cxd6 axb4 14. Na4 Qxd6 15. a3
Nbd7 16. axb4 b5 17. Bd2 bxa4 18. Rxa4 Rxa4 19. Qxa4 Bc4 20. Re1 Nb6 21. Qa7
Nbd5 22. Bh3 g4 23. Bf1 Nxb4 24. Rb1 Nfd5 25. Nf4 Bxf1 26. Nxd5 Nxd5 27. Kxf1
Re8 28. Rb7 Re7 29. Qa8+ Bf8 30. Rb8 Rf7 31. Rc8 Nb6 32. Qxc6 Nxc8 33. Qxc8 Qd7
34. Qc4 Qb7 35. Ba5 Qb1+ 36. Kg2 Qd1 37. Qa2 Qf3+ 38. Kf1 Qd1+ 39. Kg2 Qf3+ 40.
Kf1 Qd1+ 41. Be1 Bb4 {White resigns} 0-1

[Event "Team 45 45 League T25"]
[Site "Internet Chess Club"]
[Date "2005.02.05"]
[Round "8"]
[White "dougmo"]
[Black "bmw2002"]
[Result "0-1"]
[WhiteElo "1601"]
[BlackElo "1556"]
[TimeControl "2700+45"]

1. e4 c6 2. d4 d5 3. e5 Bf5 4. Nf3 e6 5. Nc3 c5 6. Bb5+ Nc6 7. O-O a6 8. Bxc6+
bxc6 9. dxc5 Bxc5 10. Nd4 Bxd4 11. Qxd4 Ne7 12. Bg5 O-O 13. Qc5 Re8 14. Rac1 Qc7
15. f4 Bg6 16. Ne2 Rab8 17. b3 Rb5 18. Qf2 Qb6 19. c4 dxc4 20. Rxc4 Bd3 21. Rd4
Bxe2 22. Bxe7 Bxf1 23. Qd2 Rd5 {White resigns} 0-1

[Event "Team 45 45 League T25"]
[Site "Internet Chess Club"]
[Date "2005.02.07"]
[Round "8"]
[White "alastorx"]
[Black "steve"]
[Result "0-1"]
[WhiteElo "1831"]
[BlackElo "1940"]
[TimeControl "2700+45"]

1. d4 Nf6 2. Nc3 d5 3. Bg5 e6 4. Nf3 h6 5. Bxf6 Qxf6 6. e4 Bb4 7. e5 Qe7 8. Qd3
b6 9. Qe3 c5 10. Be2 Ba6 11. O-O Bxc3 12. Bxa6 cxd4 13. Bb5+ Nd7 14. Nxd4 Bxd4
15. Qxd4 O-O 16. Kh1 Qc5 17. Qxc5 Nxc5 18. Rad1 a6 19. Bd3 Rfc8 20. c3 Nxd3 21.
Rxd3 Rc4 22. f4 g6 23. g4 Rf8 24. h3 Re4 25. Rd2 b5 26. Kg2 Rc8 27. Kg3 Kg7 28.
f5 gxf5 29. gxf5 Rxe5 30. f6+ Kh7 31. Kf4 Rf5+ {White resigns} 0-1

[Event "Team 45 45 League T25"]
[Site "Internet Chess Club"]
[Date "2005.02.06"]
[Round "8"]
[White "JohnCohen"]
[Black "NFK"]
[Result "1-0"]
[WhiteElo "1814"]
[BlackElo "1747"]
[TimeControl "2700+45"]

1. e4 d6 2. d4 Nf6 3. Nc3 g6 4. f4 Bg7 5. Nf3 c5 6. Bb5+ Bd7 7. e5 Ng4 8. e6
fxe6 9. Ng5 Bxb5 10. Nxb5 Qa5+ 11. c3 Qxb5 12. Qxg4 Qd7 13. Nxh7 Kf7 14. Ng5+
Kf6 15. Be3 d5 16. dxc5 Nc6 17. Bd4+ Nxd4 18. cxd4 Rac8 19. Qe2 {Black resigns}
1-0

[Event "Team 45 45 League T25"]
[Site "Internet Chess Club"]
[Date "2005.02.05"]
[Round "8"]
[White "Egmont"]
[Black "ears"]
[Result "1-0"]
[WhiteElo "1677"]
[BlackElo "1722"]
[TimeControl "2700+45"]

1. e4 a6 2. d4 g6 3. Nf3 d6 4. Be3 Bg7 5. c3 e6 6. Bc4 Ne7 7. a4 b6 8. O-O Bb7
9. Nbd2 O-O 10. Qc2 d5 11. Bd3 Nd7 12. b4 c6 13. Rab1 b5 14. a5 Qc7 15. e5 f6
16. exf6 Rxf6 17. Bg5 Rf7 18. Bh4 Nf5 19. Bxf5 exf5 20. Ng5 Rf6 21. Rbe1 Qd6 22.
Nh3 Rff8 23. Be7 Qc7 24. Bxf8 Bxf8 25. Ng5 Nf6 26. Ne6 Qd7 27. Nxf8 Kxf8 28. Nf3
Re8 29. Rxe8+ Qxe8 30. Re1 Qd7 31. Ne5 Qd6 32. Qd2 Kg7 33. f3 Bc8 34. Qe3 Bb7
35. Qg5 Bc8 36. Nd3 Qf8 37. Re5 Qd6 38. Qe3 Ng8 39. Nc5 Kf7 40. Re8 Bd7 41. Rd8
Nf6 42. Nxd7 Nxd7 43. Qe8+ {Black resigns} 1-0

[Event "Team 45 45 League T25"]
[Site "Internet Chess Club"]
[Date "2005.02.05"]
[Round "8"]
[White "clarnibass"]
[Black "SkatingBishop"]
[Result "1/2-1/2"]
[WhiteElo "1729"]
[BlackElo "1751"]
[TimeControl "2700+45"]

1. e4 d6 2. d4 Nf6 3. Nc3 g6 4. Be3 Bg7 5. Qd2 Nbd7 6. O-O-O O-O 7. f3 e5 8. d5
a6 9. g4 b5 10. Bh6 b4 11. Na4 a5 12. h4 Bb7 13. Bb5 Rc8 14. h5 c6 15. dxc6 Bxc6
16. Bxc6 Rxc6 17. Bxg7 Kxg7 18. Kb1 Qc7 19. Ne2 Rc8 20. c3 Nf8 21. cxb4 axb4 22.
b3 Rc2 23. Qe3 Ne6 24. h6+ Kf8 25. Rc1 Rxc1+ 26. Rxc1 Qb7 27. Rxc8+ Qxc8 28. Qd2
Qb8 29. Nb2 Nd8 30. Nc4 Ke7 31. Ng3 Nc6 32. Ne2 Nd7 33. Nc1 Nd4 34. Qe3 f6 35.
Ne2 Nxe2 36. Qxe2 Nb6 37. Qd3 Nxc4 38. Qxc4 Qb6 39. Qd3 g5 40. Kc2 Qf2+ 41. Kb1
Qc5 42. Qc2 Kd7 43. Qxc5 dxc5 44. Kc2 Kc6 45. Kd3 Kb5 46. Kc2 c4 47. bxc4+ Kxc4
48. Kb2 Kb5 49. Kb3 Kc5 50. Kc2 Kc4 51. Kb2 Kb5 52. Kb3 Kc5 53. Kc2 {Game drawn
by mutual agreement} 1/2-1/2

[Event "Team 45 45 League T25"]
[Site "Internet Chess Club"]
[Date "2005.02.06"]
[Round "8"]
[White "Vombat"]
[Black "DeepHmmm"]
[Result "1-0"]
[WhiteElo "2193"]
[BlackElo "2148"]
[TimeControl "2700+45"]

1. d4 Nf6 2. c4 c5 3. d5 b5 4. cxb5 a6 5. bxa6 Bxa6 6. Nc3 g6 7. e4 Bxf1 8. Kxf1
d6 9. g3 Bg7 10. Nge2 Nbd7 11. Qc2 O-O 12. f3 Qa5 13. Bd2 Qa6 14. Kg2 Rfb8 15.
a4 Qc4 16. Ra3 Ne8 17. b3 Qa6 18. Bg5 Kf8 19. Rb1 Nc7 20. Qd2 Rb4 21. Bh6 Rab8
22. Qg5 f6 23. Qe3 Ne5 24. Bxg7+ Kxg7 25. Nf4 R4b7 26. h4 h5 27. Qd2 Qa5 28. Qc2
Rb4 29. Nd3 Nxd3 30. Qxd3 Rd4 31. Qe3 Na6 32. Raa1 Qb4 33. Nb5 Qd2+ 34. Qxd2
Rxd2+ 35. Kf1 Kf7 36. Rd1 Rh2 37. Kg1 Re2 38. Re1 Rb2 39. Rab1 Rc2 40. Kf1 Rh2
41. Na3 Nb4 42. Re2 Rh1+ 43. Kg2 Rxb1 44. Nxb1 Nd3 45. Nd2 Rb4 46. Re3 Ne5 47.
Kf2 f5 48. Ke2 Rd4 49. exf5 gxf5 50. f4 Ng4 51. Rd3 Rb4 52. Nc4 Nf6 53. Kd1 Ne4
54. Kc2 Rb8 55. Kb2 e6 56. Ka3 exd5 57. Rxd5 Ke6 58. Rd1 d5 59. Ne5 d4 60. a5
Ra8 61. b4 Kd5 62. Rc1 Nc3 63. Kb3 Rb8 64. Ra1 Rxb4+ 65. Kc2 Nb5 66. a6 Na7 67.
Ra5 Rb5 68. Ra4 Rb8 69. Ra5 Rb5 70. Ra4 Ke4 71. Nd7 Kd5 72. Nf6+ Kc6 73. Nxh5
Rb6 74. Ng7 Kb5 75. Ra1 Kc4 76. Nxf5 d3+ 77. Kc1 Re6 78. Ra3 Re1+ 79. Kd2 Re2+
80. Kd1 Rh2 81. g4 d2 82. Re3 Rg2 83. g5 Nb5 84. Kc2 Kb4 85. Rg3 Rh2 86. g6 c4
87. g7 c3 88. Ne3 Na3+ 89. Kd3 d1=Q+ 90. Nxd1 c2 91. Ne3 c1=Q 92. g8=Q Qb1+ 93.
Kd4 Rd2+ 94. Ke5 Qa1+ 95. Kf5 Qd4 96. Kg4 Qd7+ 97. Nf5 Nc4 98. Qb8+ Ka5 99. a7
{Black resigns} 1-0

[Event "Team 45 45 League T25"]
[Site "Internet Chess Club"]
[Date "2005.02.06"]
[Round "8"]
[White "Chief-Justice"]
[Black "Neo-Myshkin"]
[Result "1-0"]
[WhiteElo "1980"]
[BlackElo "1902"]
[TimeControl "2700+45"]

1. e4 e6 2. d4 d5 3. Nc3 Bb4 4. a3 Bxc3+ 5. bxc3 Ne7 6. e5 c5 7. Nf3 Nbc6 8. a4
Qa5 9. Qd2 O-O 10. Bd3 f6 11. Ba3 fxe5 12. dxe5 c4 13. Be2 Qxa4 14. O-O Qb5 15.
Rfb1 Nb4 16. Bxb4 Qe8 17. Qg5 Rf7 18. Nd4 Bd7 19. Bxe7 Rxe7 20. Rxb7 a6 21. Bh5
g6 22. Bg4 Rf7 23. Rxd7 Qxd7 24. Bxe6 Qb7 25. Bxf7+ Qxf7 26. e6 Qf8 27. Qxd5 Kh8
28. e7 Qe8 29. Ne6 {Black resigns} 1-0

[Event "Team 45 45 League T25"]
[Site "Internet Chess Club"]
[Date "2005.02.05"]
[Round "8"]
[White "softbunney"]
[Black "AMAV"]
[Result "1/2-1/2"]
[WhiteElo "2049"]
[BlackElo "2136"]
[TimeControl "2700+45"]

1. d4 Nf6 2. c4 g6 3. Nc3 d5 4. cxd5 Nxd5 5. Bd2 Bg7 6. e4 Nb6 7. Be3 O-O 8. Be2
Nc6 9. Nf3 Bg4 10. d5 Bxf3 11. Bxf3 Na5 12. Bd4 Bxd4 13. Qxd4 c6 14. Rd1 cxd5
15. Nxd5 Nxd5 16. exd5 Rc8 17. Qxa7 Rc2 18. b4 Nc4 19. Be4 Rb2 20. Qc5 Qb6 21.
O-O Qxb4 22. Qxb4 Rxb4 23. Rd4 b5 24. g3 Ra4 25. Bb1 Rfa8 26. Re1 Kf8 27. Re2
Nd6 28. Rxa4 Rxa4 29. Rd2 Ke8 30. Kf1 Kd7 31. Ke2 Rb4 32. Bd3 Rd4 33. Bc2 Rxd2+
34. Kxd2 Nc4+ 35. Kd3 Kd6 36. Kd4 Ne5 37. h3 Nf3+ 38. Ke3 Ne5 39. f4 Nd7 40. Kd4
Nf6 41. Bb3 Nh5 42. Bc2 Nxg3 43. Bd3 Nf5+ 44. Ke4 Kc5 45. Ke5 Nd6 46. Bc2 Nc4+
47. Ke4 f6 48. h4 Nd6+ 49. Kd3 Kxd5 50. Bb3+ Kc5 51. Bg8 Nf5 52. Bxh7 Nxh4 53.
Ke4 Kb4 54. Kd5 Ka3 55. Ke6 Kxa2 56. Kxe7 g5 57. Kxf6 gxf4 58. Kg5 Ng2 59. Kg4
b4 60. Kf3 Ne1+ 61. Kxf4 Kb2 62. Bg8 Kc3 63. Ke3 Nd3 64. Ke2 Nb2 65. Ba2 Kc2 66.
Ke3 Na4 67. Kd4 Kb2 68. Be6 Ka3 69. Bf7 Nc3 70. Bc4 Nd1 71. Bd5 Nf2 72. Be6 Nh1
73. Bd5 Ng3 74. Be6 Ne2+ 75. Kc5 Nc3 76. Kd4 Ne2+ 77. Kc5 Nf4 78. Bc4 Ka4 79.
Kd4 Nh3 80. Kc5 Nf2 81. Kd4 Ka3 82. Bd5 Nd1 83. Bf7 Nc3 84. Bg8 Nb1 85. Bf7 Nd2
86. Bg8 Nb3+ 87. Kd3 Na5 88. Bd5 Kb2 89. Kd4 Nb3+ 90. Kc4 Ka3 91. Kd3 Nc5+ 92.
Kd4 Na6 93. Kd3 Nc5+ 94. Kd4 Nb3+ 95. Kd3 Nc1+ 96. Kd4 Ka4 97. Bc4 Nb3+ 98. Kd3
Na5 99. Bd5 Kb5 100. Kd4 Kb6 101. Be6 Kc6 102. Bd5+ Kb5 103. Bg8 Nc6+ 104. Kd3
Kc5 105. Kc2 Nd4+ 106. Kb2 Nc6 107. Kb3 Na5+ 108. Ka4 Nc4 109. Kb3 Nd2+ 110. Ka4
Nf3 111. Kb3 Nd4+ 112. Ka4 Nf3 113. Kb3 Ne5 114. Ka4 Nd3 115. Kb3 {Game drawn by
the 50 move rule} 1/2-1/2

[Event "Team 45 45 League T25"]
[Site "Internet Chess Club"]
[Date "2005.02.06"]
[Round "8"]
[White "bobhill"]
[Black "Akaineco"]
[Result "1-0"]
[WhiteElo "1976"]
[BlackElo "2008"]
[TimeControl "2700+45"]

1. d4 f5 2. c4 Nf6 3. Nf3 g6 4. g3 Bg7 5. Bg2 d6 6. Nbd2 O-O 7. b3 Qe8 8. Bb2
Nbd7 9. Qc2 e5 10. dxe5 Nxe5 11. O-O h6 12. c5 Nxf3+ 13. exf3 d5 14. Rfe1 Be6
15. Re2 Qd7 16. Rae1 Rae8 17. Bd4 c6 18. b4 Bf7 19. Nb3 f4 20. g4 Rxe2 21. Rxe2
Re8 22. Bb2 Rxe2 23. Qxe2 Qe6 24. Bf1 Ne8 25. Qxe6 Bxe6 26. Bxg7 Nxg7 27. Bd3 g5
28. Kf1 Bd7 29. Ke2 Kf7 30. Bb1 b6 31. a4 Bc8 32. Nd4 Bd7 33. Nb3 h5 34. h3 h4
35. a5 bxc5 36. Nxc5 Ke7 37. Kd3 Ne6 38. Nxe6 Kxe6 39. Kd4 Kd6 40. Bd3 Be8 41.
Bf5 Bf7 42. Bd3 Be6 43. Bg6 Bc8 44. Bd3 Bd7 45. Bg6 Bc8 46. Bd3 Bb7 47. Be2 Ke6
48. Bd3 c5+ 49. bxc5 Bc6 50. Ba6 Kd7 51. Bd3 Ba4 52. Ke5 Kc6 53. Kf5 Bd1 54.
Kxg5 Bxf3 55. Kxf4 Bg2 56. Kg5 Kxc5 57. Kxh4 Kd4 58. Ba6 Ke5 59. Kg3 Be4 60. f4+
Kf6 61. Kf2 d4 62. Bc8 Bd5 63. g5+ Kg6 64. h4 Kh5 65. Kg3 Bb3 66. Bg4+ Kg6 67.
h5+ Kg7 68. Bf5 Bc2 69. Bxc2 {Black resigns} 1-0

[Event "Team 45 45 League T25"]
[Site "Internet Chess Club"]
[Date "2005.02.06"]
[Round "8"]
[White "Zornorph"]
[Black "BaroneRosso"]
[Result "0-1"]
[WhiteElo "1970"]
[BlackElo "2019"]
[TimeControl "2700+45"]

1. c4 Nf6 2. Nc3 g6 3. g3 Bg7 4. Bg2 O-O 5. Nf3 d6 6. O-O e5 7. d3 Nbd7 8. Rb1
a5 9. a3 c6 10. Bg5 h6 11. Bd2 Re8 12. Qc1 Kh7 13. b4 axb4 14. axb4 d5 15. cxd5
Nxd5 16. Nxd5 cxd5 17. Bc3 b6 18. Qd2 Bb7 19. d4 e4 20. Ne1 b5 21. Nc2 h5 22.
Qc1 Qc7 23. Rb3 Qc4 24. Qb2 Qxe2 25. Rc1 Bh6 26. Re1 Qc4 27. Bf1 Qc6 28. Na3 Ba6
29. Bd2 Bxd2 30. Qxd2 Nb6 31. Qf4 Qd7 32. Rc1 Nc4 33. Nc2 f5 34. Be2 Qd6 35.
Qxd6 Nxd6 36. Ne3 Bb7 37. Rc7+ Kg8 38. Bxb5 Nxb5 39. Rxb7 Nxd4 40. Rc3 Ne2+
{White resigns} 0-1

[Event "Team 45 45 League T25"]
[Site "Internet Chess Club"]
[Date "2005.02.06"]
[Round "8"]
[White "Xaturanga"]
[Black "ReelBigFish"]
[Result "1-0"]
[WhiteElo "1797"]
[BlackElo "1790"]
[TimeControl "2700+45"]

1. e4 c5 2. Nf3 d6 3. c3 Nc6 4. d4 cxd4 5. cxd4 Nf6 6. d5 Nb8 7. Nc3 Nbd7 8. Bb5
a6 9. Ba4 b5 10. Bc2 Bb7 11. O-O Rc8 12. Nd4 Qc7 13. a3 g6 14. Bf4 Bg7 15. Rc1
Qb8 16. Bg3 Qa7 17. Bb3 Nxd5 18. Ndxb5 axb5 19. Nxd5 Bxb2 20. Rxc8+ Bxc8 21. Qc2
{Black resigns} 1-0

[Event "Team 45 45 League T25"]
[Site "Internet Chess Club"]
[Date "2005.02.03"]
[Round "8"]
[White "GolferBob"]
[Black "rickylr"]
[Result "0-1"]
[WhiteElo "1644"]
[BlackElo "1756"]
[TimeControl "2700+45"]

1. d4 e6 2. Nf3 Nf6 3. Bg5 d5 4. e3 h6 5. Bh4 Be7 6. Nbd2 c5 7. c3 O-O 8. Bd3 c4
9. Bc2 b5 10. a3 Bb7 11. O-O Nbd7 12. Bg3 Nh5 13. Be5 a5 14. e4 f6 15. Bg3 Nxg3
16. hxg3 Bd6 17. exd5 Bxd5 18. Re1 Re8 19. Bg6 Re7 20. Qc2 Qc7 21. Ne4 Nf8 22.
Nxd6 Qxd6 23. Be4 Rd8 24. Re2 Red7 25. Rae1 Bxe4 26. Qxe4 b4 27. axb4 axb4 28.
Nd2 Qa6 29. Nf3 Qa5 30. Re3 Ra7 31. Nd2 Qa2 32. Qb1 e5 33. Qxa2 Rxa2 34. Nxc4
exd4 35. cxd4 Rxd4 36. b3 Nd7 37. Re8+ Kh7 38. Rd8 Rd5 39. Rc8 Rd3 40. Rc7 Ra8
41. Re7 Rd8 42. Ne3 h5 43. Rb7 Kg8 44. Rxb4 Kf8 45. Re6 Nc5 46. Reb6 Ra8 47.
R6b5 Ra1+ 48. Kh2 Rc1 49. Rb8+ Ke7 50. Nf5+ Kf7 51. R8b6 g6 52. Nd6+ Ke7 53. Nc4
Rdd1 54. g4 h4 55. g3 Rh1+ 56. Kg2 h3+ 57. Kf3 Rhd1 58. Rb8 h2 59. Rh8 h1=Q+ 60.
Rxh1 Rxh1 61. Rb5 Nxb3 62. Rb7+ Ke6 63. Rb6+ Kd7 64. Ne5+ fxe5 65. Rxb3 Rc2 66.
Rb7+ Kc6 67. Rg7 Rf1 68. Rxg6+ Kd5 69. g5 Rfxf2+ 70. Kg4 Rg2 71. Rg8 Rc3 72.
Rd8+ Ke4 73. Kh5 Rcxg3 74. Rg8 Rxg5+ {White resigns} 0-1

[Event "Team 45 45 League T25"]
[Site "Internet Chess Club"]
[Date "2005.02.06"]
[Round "8"]
[White "claymil"]
[Black "hoyd"]
[Result "1-0"]
[WhiteElo "1671"]
[BlackElo "1597"]
[TimeControl "2700+45"]

1. c4 g6 2. Nc3 Bg7 3. g3 Nc6 4. Bg2 d6 5. d3 Bd7 6. a3 e6 7. Nf3 Nge7 8. O-O
O-O 9. Bg5 f6 10. Bd2 Rb8 11. Qc1 Nf5 12. Rb1 Nfd4 13. b4 Nxf3+ 14. Bxf3 Nd4 15.
Bg2 Bc6 16. f3 a6 17. Bh6 Qe7 18. Bxg7 Qxg7 19. e3 Nf5 20. Ne2 Qh6 21. e4 Qxc1
22. Rfxc1 Ne7 23. d4 Rfc8 24. Bh3 Bd7 25. d5 Kf7 26. Nd4 f5 27. dxe6+ Bxe6 28.
Nxe6 Kxe6 29. exf5+ Nxf5 30. Re1+ Kf6 31. g4 Nd4 32. Kf2 Re8 33. Re4 Rxe4 34.
fxe4 Ke5 35. Bg2 g5 36. a4 Rf8+ 37. Ke3 Nc2+ 38. Ke2 Nd4+ 39. Ke3 Rf4 40. h3 Ne6
41. b5 a5 42. Rd1 b6 43. Rd5+ Kf6 44. Rf5+ Rxf5 45. exf5 Nc5 46. Kd4 Nxa4 47.
Kd5 Nc5 48. Be4 a4 49. Bb1 a3 50. Kc6 Na4 51. Ba2 Nc3 52. Bb3 a2 53. Bxa2 Nxa2
54. Kxc7 d5 55. cxd5 Nc3 56. Kc6 Ke5 57. d6 Nxb5 58. d7 Na7+ 59. Kxb6 {Black
resigns} 1-0

[Event "Team 45 45 League T25"]
[Site "Internet Chess Club"]
[Date "2005.02.05"]
[Round "8"]
[White "ChessicStudent"]
[Black "Lothar"]
[Result "1-0"]
[WhiteElo "1448"]
[BlackElo "1474"]
[TimeControl "2700+45"]

1. Nf3 d5 2. g3 Bg4 3. Bg2 Nc6 4. O-O Qd7 5. d3 O-O-O 6. Re1 f6 7. Nbd2 e5 8. e4
Nd4 9. Nb3 dxe4 10. Rxe4 Nxf3+ 11. Bxf3 Bxf3 12. Qxf3 Bd6 13. Be3 b6 14. Rxe5
Kb8 15. Re4 Ne7 16. Bf4 Bxf4 17. Qxf4 Ng6 18. Qe3 Rhe8 19. Re1 Rxe4 20. Qxe4 Qd5
21. Qxd5 Rxd5 22. Re8+ Kb7 23. Rg8 Rd7 24. f4 Rf7 25. Kf2 Ne7 26. Rh8 g5 27. Nd4
gxf4 28. gxf4 Ng6 29. Re8 Nxf4 30. Kf3 Nd5 31. Nf5 Nb4 32. c3 Rd7 33. cxb4
{Black resigns} 1-0

[Event "Team 45 45 League T25"]
[Site "Internet Chess Club"]
[Date "2005.02.07"]
[Round "8"]
[White "tgralex"]
[Black "az2112"]
[Result "1-0"]
[WhiteElo "1828"]
[BlackElo "1799"]
[TimeControl "2700+45"]

1. e4 c5 2. Nf3 d6 3. d4 cxd4 4. Nxd4 Nf6 5. Nc3 a6 6. Be3 e5 7. Nde2 Be6 8. f3
Be7 9. Qd2 Nbd7 10. O-O-O O-O 11. h4 Nb6 12. Bxb6 Qxb6 13. g4 h5 14. gxh5 Nxh5
15. Bh3 Rac8 16. Bg4 Bxg4 17. fxg4 Nf6 18. h5 Nxg4 19. h6 Nxh6 20. Rdg1 Kh7 21.
Rxg7+ Kxg7 22. Qxh6+ Kg8 23. Qh7# {Black checkmated} 1-0

[Event "Team 45 45 League T25"]
[Site "Internet Chess Club"]
[Date "2005.02.07"]
[Round "8"]
[White "GadsHill"]
[Black "BenjaminSisko"]
[Result "1-0"]
[WhiteElo "1661"]
[BlackElo "1660"]
[TimeControl "2700+45"]

1. d4 Nf6 2. c4 e6 3. Nf3 b6 4. a3 Bb7 5. Nc3 d6 6. e3 Nbd7 7. Bd3 c5 8. dxc5
Nxc5 9. b4 Nxd3+ 10. Qxd3 Rc8 11. Bb2 Be7 12. O-O Qc7 13. Nd2 O-O 14. e4 Rfd8
15. Nb5 Qb8 16. f3 d5 17. cxd5 exd5 18. e5 Ne8 19. Rfe1 a6 20. Nd4 a5 21. Nf5
Bf8 22. Qd4 axb4 23. axb4 g6 24. e6 Bg7 25. Nxg7 Rc2 {Black resigns} 1-0

[Event "Team 45 45 League T25"]
[Site "Internet Chess Club"]
[Date "2005.02.05"]
[Round "8"]
[White "Smart"]
[Black "dondel"]
[Result "0-1"]
[WhiteElo "1537"]
[BlackElo "1662"]
[TimeControl "2700+45"]

1. e4 e5 2. Nf3 Nc6 3. d3 Nf6 4. Nbd2 d5 5. g3 Bc5 6. h3 dxe4 7. dxe4 O-O 8. Bg2
Be6 9. O-O Qd7 10. Kh2 Rfd8 11. Qe2 Nd4 12. Nxd4 Bxd4 13. Nf3 Qa4 14. Nd2 Qxc2
15. Qb5 a6 16. Qb4 b5 17. f4 exf4 18. gxf4 c5 19. Qa5 Bxb2 20. Bxb2 Rxd2 21.
Qxd2 Qxd2 22. Bc1 Qc3 23. Rb1 Bxh3 24. Bxh3 Qc2+ 25. Kg1 Qxb1 26. Be3 Qd3 27.
Bf2 Qxh3 28. Bxc5 Qg3+ 29. Kh1 Ng4 {White resigns} 0-1

[Event "Team 45 45 League T25"]
[Site "Internet Chess Club"]
[Date "2005.02.04"]
[Round "8"]
[White "rgadoury"]
[Black "rabanito"]
[Result "1-0"]
[WhiteElo "1461"]
[BlackElo "1447"]
[TimeControl "2700+45"]

1. c4 e5 2. g3 Nf6 3. Bg2 c6 4. e4 d5 5. cxd5 cxd5 6. d4 dxe4 7. Qa4+ Bd7 8. Qc2
Nc6 9. dxe5 Qa5+ 10. Bd2 Qxe5 11. Ne2 Bb4 12. O-O O-O 13. a3 Bd6 14. Nbc3 Bf5
15. Be3 Rac8 16. Bf4 Qe6 17. Bxd6 Qxd6 18. Qa4 Rfe8 19. Rfe1 a6 20. Rad1 Qe5 21.
h3 h5 22. Nf4 h4 23. Nfd5 hxg3 24. Nxf6+ Qxf6 25. fxg3 Ne5 26. Nxe4 Qb6+ 27. Kh2
Rc4 28. Qxe8+ Kh7 29. Qxe5 Qg6 30. Nd6 f6 31. Qxf5 {Black resigns} 1-0

[Event "Team 45 45 League T25"]
[Site "Internet Chess Club"]
[Date "2005.02.05"]
[Round "8"]
[White "akdog3"]
[Black "Vombat"]
[Result "0-1"]
[WhiteElo "2139"]
[BlackElo "2178"]
[TimeControl "2700+45"]

1. d4 Nf6 2. c4 g6 3. Nc3 Bg7 4. Nf3 O-O 5. Bg5 c6 6. e3 a6 7. Be2 b5 8. O-O d6
9. b4 Be6 10. d5 Bd7 11. Rc1 Re8 12. Qb3 bxc4 13. Bxc4 cxd5 14. Nxd5 e6 15. Nc3
d5 16. Be2 Bc6 17. Ne5 h6 18. Bh4 Qc7 19. Bg3 Nh5 20. Nxc6 Nxg3 21. hxg3 Nxc6
22. Na4 Qd6 23. Nc5 Reb8 24. a3 Rb6 25. Qc2 Ne5 26. f4 Nd7 27. Na4 Rbb8 28. Qc6
Bf8 29. Qxd6 Bxd6 30. Rc6 Bf8 31. Bxa6 Nb6 32. Nc5 Bxc5 33. bxc5 Rxa6 34. Rb1
Nc8 35. Rxb8 Rxc6 36. Rb5 Na7 37. Ra5 Rc7 38. Kf2 Kf8 39. g4 Ke7 40. Ke2 Nc6 41.
Ra6 Nd8 42. Ra5 Nb7 {White resigns} 0-1

[Event "Team 45 45 League T25"]
[Site "Internet Chess Club"]
[Date "2005.02.05"]
[Round "8"]
[White "Gregorio"]
[Black "MrHyde"]
[Result "1/2-1/2"]
[WhiteElo "2052"]
[BlackElo "2153"]
[TimeControl "2700+45"]

1. e4 c5 2. Nf3 e6 3. d4 cxd4 4. Nxd4 a6 5. c4 Nf6 6. Bd3 Qc7 7. O-O Nc6 8. Nxc6
dxc6 9. f4 e5 10. Nc3 Bc5+ 11. Kh1 Ng4 12. Qf3 h5 13. h3 Be6 14. Nd1 O-O-O 15.
f5 Bd7 16. Ne3 Nf6 17. Nc2 Kb8 18. b4 Be7 19. c5 Bc8 20. Bb2 h4 21. Rfd1 g5 22.
Ne3 Rdg8 23. Nc4 g4 24. Qe2 Nd7 25. Bc2 f6 26. Rd3 gxh3 27. Rxh3 Rg3 28. Rd1 Qd8
29. Nxe5 fxe5 30. Bxe5+ Ka8 31. Bxg3 hxg3 32. Qg4 Rg8 33. Qf4 Bf6 34. Bb3 Be5
35. Qh4 Bf6 36. Qf4 Be5 37. Qh4 Bf6 38. Qf4 {Game drawn by repetition} 1/2-1/2

[Event "Team 45 45 League T25"]
[Site "Internet Chess Club"]
[Date "2005.02.05"]
[Round "8"]
[White "searchforbobby1"]
[Black "PublisherKing"]
[Result "1-0"]
[WhiteElo "2152"]
[BlackElo "1920"]
[TimeControl "2700+45"]

1. e4 c6 2. d4 d5 3. e5 Bf5 4. Nc3 e6 5. g4 Bg6 6. Nge2 Bb4 7. Nf4 Bxc3+ 8. bxc3
Ne7 9. h4 h6 10. Ba3 Nd7 11. Bd6 Qa5 12. Bb4 Qd8 13. Bd6 Qa5 14. Rh3 Be4 15. Qd2
Qa4 16. Bd3 Bxd3 17. Qxd3 Nc8 18. Bc7 Nc5 19. Qe2 Na6 20. Bd6 Nxd6 21. exd6
O-O-O 22. Nd3 Rxd6 23. Qe5 Qa3 24. Kd2 f6 25. Qh5 c5 26. Rb1 cxd4 27. cxd4 Qxa2
28. Rb2 Qa5+ 29. Ke2 Qc7 30. Re3 Rf8 31. Qg6 Rc6 32. Kd1 Qf7 33. Qh7 Qg8 34. Qg6
Nc7 35. Nc5 b6 36. Nb3 Qf7 37. Qd3 Ne8 38. Qb5 Qd7 39. Nc5 Qc7 40. Nxe6 Nd6 41.
Qa6+ Qb7 42. Qxb7+ Kxb7 43. Nxf8 Nc4 44. Re7+ Rc7 45. Rxc7+ Kxc7 46. Ra2 Kb8 47.
Ne6 g5 48. h5 Nd6 49. Ng7 a5 50. Rb2 Ka7 51. Nf5 Nxf5 52. gxf5 Ka6 53. Kd2 a4
54. Kc3 Ka5 55. Rb1 b5 56. Re1 b4+ 57. Kb2 Kb5 58. c3 Kc4 59. cxb4 Kxb4 60. Rc1
{Black resigns} 1-0